 Dungeon Crawl Stone Soup version 0.26-a0-1161-g0398aca569 (webtiles) character file.

Game seed: 11367626545011760918

19226 Essalna the Geomancer (level 12, -3/75 HPs)
             Began as a Gargoyle Earth Elementalist on Dec 26, 2020.
             Was an Elder of Vehumet.
             Slain by a polar bear (10 damage)
             ... on level 3 of the Lair of Beasts.
             The game lasted 00:55:52 (20577 turns).

Essalna the Geomancer (GrEE)                       Turns: 20577, Time: 00:55:52

Health: -3/75      AC: 18    Str: 13      XL:     12   Next: 66%
Magic:  1/25       EV: 12    Int: 10 (20) God:    Vehumet [****..]
Gold:   905        SH:  0    Dex:  5      Spells: 17/29 levels left

rFire    + . .     SeeInvis .   W - staff of earth
rCold    + . .     Faith    .   (no shield)
rNeg     + + .     Spirit   .   w - +0 troll leather armour
rPois    ∞         Reflect  .   Q - +2 hat
rElec    +         Harm     .   K - +0 cloak
rCorr    .         Rampage  .   (no gloves)
Will     .....                  k - +0 pair of boots
Stlth    +.........             (no amulet)
HPRegen  0.62/turn              I - ring of Qeiroadd {+Fly rF+ rC+ rN+ Dex-5}
MPRegen  0.19/turn              (no ring)

@: about to teleport
A: negative energy resistance 1, electricity resistance, unbreathing,
petrification resistance, miasma immunity, AC +8
a: Renounce Religion, Evoke Flight


You were on level 3 of the Lair of Beasts.
You worshipped Vehumet.
Vehumet was greatly pleased with you.
You visited 3 branches of the dungeon, and saw 15 of its levels.

You collected 920 gold pieces.
You spent 15 gold pieces at shops.

Inventory:

Hand Weapons
 g - a +0 spear
 h - the +9 staff of Wucad Mu {channel}
   (You acquired it on level 10 of the Dungeon)
 x - a +1 dagger of venom
Missiles
 b - 123 stones
Armour
 a - a +0 helmet
 f - a +1 robe of positive energy
 k - a +0 pair of boots (worn)
 w - a +0 troll leather armour (worn)
 D - the +2 ratskin cloak {*Rats rPois rN+ Str-1 Int-1 Dex+1}
   (You found it on level 5 of the Dungeon)

   It affects your strength (-1).
   It affects your intelligence (-1).
   It affects your dexterity (+1).
   It protects you from poison.
   It protects you from negative energy.
 G - the cursed +1 chain mail of Sonlokh {rC+ Str+2 Int+4, unknown}
   (You found it on level 5 of the Dungeon)

   It affects your strength (+2).
   It affects your intelligence (+4).
   It protects you from cold.
   It has a curse placed upon it.
 H - a +0 cloak of stealth
 K - a +0 cloak (worn)
 Q - a +2 hat (worn)
Magical Staves
 W - an uncursed staff of earth (weapon)
Jewellery
 j - a +6 ring of dexterity
 r - a cursed ring of attention {unknown}
 t - a +4 ring of evasion
 v - an uncursed ring of resist corrosion
 I - the ring of Qeiroadd (left hand) {+Fly rF+ rC+ rN+ Dex-5}
   (You found it on level 6 of the Dungeon)

   [ring of protection from cold]

   It affects your dexterity (-5).
   It protects you from fire.
   It protects you from cold.
   It protects you from negative energy.
   It lets you fly.
 P - a +4 ring of evasion
 X - a cursed ring of attention {unknown}
Wands
 E - a wand of enslavement (23)
 O - a wand of iceblast (15)
 R - a wand of random effects (17)
 S - a wand of digging (23)
 T - a wand of polymorph (9)
Scrolls
 d - 15 scrolls of identify
 m - a scroll of blinking
 n - 6 scrolls of enchant weapon
 s - 11 scrolls of remove curse
 y - 2 scrolls of fear
 B - 2 scrolls of fog
 C - 4 scrolls of teleportation
 M - 3 scrolls of amnesia
 N - 2 scrolls of noise
 U - a scroll of brand weapon {unknown}
 V - a scroll of enchant armour {unknown}
Potions
 c - 2 potions of haste {unknown}
 e - 2 potions of lignification
 i - 3 potions of resistance {unknown}
 l - 9 potions of curing
 o - 3 potions of might {unknown}
 p - 2 potions of invisibility {unknown}
 q - a potion of mutation {unknown}
 u - 4 potions of heal wounds {unknown}
 z - a potion of attraction {unknown}
 A - 3 potions of cancellation {unknown}
 F - a potion of degeneration
 J - 3 potions of ambrosia {unknown}
 L - a potion of flight {unknown}


   Skills:
 + Level 8.6 Fighting
 - Level 6.0 Armour
 + Level 6.7 Dodging
 - Level 2.1 Stealth
 + Level 9.1 Spellcasting
 - Level 8.0 Conjurations
 - Level 0.7 Transmutations
 + Level 11.9 Earth Magic
 + Level 5.1 Evocations


You had 17 spell levels left.
You knew the following spells:

 Your Spells              Type           Power        Failure   Level
a - Sandblast             Erth           84%          1%          1
b - Stone Arrow           Conj/Erth      72%          1%          3
c - Lee's Rapid Deconstr  Erth           21%          1%          5
d - Frozen Ramparts       Ice            8%           16%         3

Your spell library contained the following spells:

 Spells                   Type           Power        Failure   Level
 Hailstorm                Conj/Ice       12%          10%         4
 Passwall                 Tmut/Erth      20%          1%          2
 Petrify                  Tmut/Erth      25%          14%         4
 Confusing Touch          Hex            4%           50%         3
 Gell's Gravitas          Tloc           2%           50%         3
 Yara's Violent Unravell  Hex/Tmut       2%           71%         5
 Metabolic Englaciation   Hex/Ice        2%           99%         5


Dungeon Overview and Level Annotations

Branches:
Dungeon (11/15)            Temple (1/1) D:6            Lair (3/6) D:11
  Snake (0/4) Lair:2          Orc (0/2) D:10
  Swamp: Lair:2-4    Shoals: Lair:2-4

Altars:
Ashenzari
Cheibriados
Dithmenos
Elyvilon
Fedhas
Gozag
Hepliaklqana
Kikubaaqudgha
Makhleb
Nemelex Xobeh
Okawaru
Qazlal
Ru
Sif Muna
Trog
Uskayaw
Vehumet
Wu Jian
Xom
Yredelemnul
Zin
The Shining One

Shops:
D:5 !

Portals:
Abyss: D:5

Annotations:
D:5 , 2 transporters, rlgrobin's ghost, amateur KoDe
D:7 exclusion: statue
D:10 2 runed translucent doors, Fannar; waddelsworth's ghost, journeyman TrMo
Lair:1 exclusion: oklob plant


Innate Abilities, Weirdness & Mutations

You are resistant to torment.
Your stone body is resilient. (AC +8)
You are immune to poison.
You resist negative energy. (rN+)
You are resistant to electric shocks. (rElec)
You can survive without breathing.
You are immune to petrification.
You are immune to miasma.


Message History

The polar bear claws you but does no damage.
The polar bear bites you.
The polar bear claws you but does no damage. x2
The polar bear misses you. The polar bear completely misses you.
The polar bear claws you but does no damage.
A black bear comes into view.
The polar bear closely misses you. The polar bear barely misses you.
The polar bear claws you.
The polar bear rages.
The polar bear bites you but does no damage.
The polar bear claws you.
The polar bear claws you but does no damage.
The polar bear bites you!
* * * LOW HITPOINT WARNING * * *
The polar bear claws you.
* * * LOW HITPOINT WARNING * * *
The polar bear barely misses you.
As you read the scroll of teleportation, it crumbles to dust.
You feel strangely unstable. The polar bear bites you!
You die...

#...........# ....###
#..........##.. ## . ..#
#..............####/#....
#..........#..##).h..#h#
P..........##.##.......#
...........##.# ####.# #
P..........#...##....# ..#
...........##P.h.h..##†...#
#.........####..@hP.††...#
#.........#..###.#########
#...................###.
#.......................
#.......................
#...##...#..............
#.#.##.###..............
#.#.....#...............
#.......................


You could see 3 polar bears and a black bear.

Vanquished Creatures
  2 two-headed ogres
  A skeletal warrior (D:10)
  A necromancer (D:9)
  2 oklob plants (D:11)
  A black mamba (Lair:2)
  4 cane toads
  4 komodo dragons
  A kobold demonologist (D:11)
  A troll (D:11)
  A polar bear (Lair:2)
  4 flying skulls (D:9)
  6 shadows (D:9)
  3 wyverns (D:8)
  16 yaks
  5 wraiths (D:9)
  A basilisk (Lair:1)
  4 nagas (Lair:2)
  4 water moccasins
  3 ice beasts
  4 orc warriors
  A hornet zombie (D:9)
  2 necrophages (D:11)
  4 black bears (Lair:3)
  2 sky beasts
  2 phantoms
  4 ogres
  3 wolves (Lair:1)
  3 centaurs
  An elf zombie (D:11)
  12 big kobolds (D:11)
  An elf skeleton (D:11)
  9 bullfrogs
  A wyvern zombie (D:9)
  A water moccasin zombie (D:9)
  2 scorpions
  9 wights
  2 electric eels (Lair:2)
  A howler monkey (D:11)
  4 bullfrog zombies
  2 quasits
  2 hounds
  6 jellies
  8 orc priests
  3 centaur zombies
  Crazy Yiuf (D:5)
  A bullfrog skeleton (D:9)
  13 orc wizards
  5 human zombies (D:11)
  2 centaur skeletons
  A hell rat (D:5)
  A human skeleton (D:11)
  9 worker ants
  A hound zombie (D:9)
  2 hound skeletons
  A mummy (D:11)
  2 howler monkey zombies
  A worker ant zombie (D:9)
  A howler monkey skeleton (D:9)
  7 gnolls
  7 river rats
  14 adders
  3 shadow imps
  3 white imps
  2 adder zombies (D:9)
  4 adder skeletons
  A worm (D:2)
  2 dart slugs
  2 leopard geckos
  51 orcs
  12 bats
  6 giant cockroaches
  11 goblins
  7 hobgoblins
  14 jackals
  7 quokkas
  3 ball pythons
  7 frilled lizards
  A jackal skeleton (D:9)
  A jackal zombie (D:9)
  12 kobolds
  A leopard gecko skeleton (D:8)
  An orc zombie (D:11)
  A quokka skeleton (D:5)
  A quokka zombie (D:7)
  28 rats
403 creatures vanquished.

Vanquished Creatures (others)
  7 fungi
  7 plants
14 creatures vanquished.

Grand Total: 417 creatures vanquished

Notes
Turn   | Place    | Note
-------+----------+-------------------------------------------
     0 | D:1      | Essalna the Gargoyle Earth Elementalist began the quest for
                  | the Orb.
     0 | D:1      | Reached XP level 1. HP: 10/10 MP: 3/3
   352 | D:1      | Reached skill level 4 in Earth Magic
   352 | D:1      | Reached XP level 2. HP: 15/15 MP: 3/5
   906 | D:1      | Reached XP level 3. HP: 17/19 MP: 7/7
  1810 | D:2      | Reached XP level 4. HP: 24/24 MP: 8/8
  1814 | D:2      | Learned a level 3 spell: Stone Arrow
  1873 | D:2      | You fall into a shaft and drop 1 floor!
  1956 | D:2      | Found a sparkling altar of Nemelex Xobeh.
  2010 | D:2      | Found a basalt altar of Yredelemnul.
  2121 | D:2      | Reached skill level 1 in Conjurations
  2121 | D:2      | Reached skill level 5 in Earth Magic
  2371 | D:3      | Reached XP level 5. HP: 28/28 MP: 4/10
  2479 | D:3      | Found a snail-covered altar of Cheibriados.
  2914 | D:3      | Learned a level 5 spell: Lee's Rapid Deconstruction
  3230 | D:3      | Reached XP level 6. HP: 32/32 MP: 11/11
  3280 | D:3      | Found an opulent altar of Gozag.
  3281 | D:3      | Found a glowing silver altar of Zin.
  3339 | D:4      | Found a stormy altar of Qazlal.
  3470 | D:4      | Reached skill level 6 in Earth Magic
  3536 | D:4      | Got a shadowed robe
  3539 | D:4      | Found a blossoming altar of Fedhas.
  3780 | D:4      | Reached XP level 7. HP: 36/36 MP: 13/13
  4348 | D:5      | Entered Level 5 of the Dungeon
  4592 | D:5      | Found a white marble altar of Elyvilon.
  4662 | D:5      | Reached skill level 7 in Earth Magic
  4915 | D:5      | Reached skill level 5 in Spellcasting
  5122 | D:5      | Reached XP level 8. HP: 24/41 MP: 2/15
  5135 | D:5      | Found the +2 ratskin cloak {*Rats rPois rN+ Str-1 Int-1
                  | Dex+1}
  5309 | D:5      | Identified the +0 robe of Eqafredu {rPois} (You found it on
                  | level 4 of the Dungeon)
  5370 | D:5      | Found Fukhliurr's Distillery.
  5388 | D:5      | Bought a potion of degeneration for 15 gold pieces
  5412 | D:5      | Found a runed translucent door.
  5413 | D:5      | Noticed Crazy Yiuf
  5479 | D:5      | Got a transparent chain mail
  5488 | D:5      | Found a transporter.
  5491 | D:5      | Identified the +2 halberd "Byzoubof" {distort, rPois Str+3
                  | Dex-3}
  5497 | D:5      | Found a one-way gate to the infinite horrors of the Abyss.
  5497 | D:5      | Noticed rlgrobin's ghost (amateur KoDe)
  5508 | D:5      | Found a transporter.
  5581 | D:5      | Reached skill level 5 in Conjurations
  5714 | D:5      | Killed Crazy Yiuf
  5980 | D:6      | Got a coiled silver ring
  5982 | D:6      | Identified the ring of Qeiroadd {+Fly rF+ rC+ rN+ Dex-5}
                  | (You found it on level 6 of the Dungeon)
  5986 | D:6      | Found a staircase to the Ecumenical Temple.
  6005 | Temple   | Entered the Ecumenical Temple
  6392 | D:6      | Found a shadowy altar of Dithmenos.
  6593 | D:6      | Reached skill level 1 in Fighting
  6593 | D:6      | Reached skill level 1 in Armour
  6816 | D:6      | Reached skill level 8 in Earth Magic
  6862 | D:6      | Found a sacrificial altar of Ru.
  7080 | D:6      | Reached XP level 9. HP: 49/49 MP: 11/17
  8274 | D:7      | Found a hide-covered altar of Uskayaw.
  8340 | D:7      | Found a radiant altar of Vehumet.
  8346 | D:7      | Became a worshipper of Vehumet
  9293 | D:8      | Reached skill level 9 in Earth Magic
  9489 | D:8      | Reached XP level 10. HP: 26/58 MP: 1/20
  9976 | D:8      | Found a burning altar of Makhleb.
  9978 | D:8      | Found a sacrificial altar of Ru.
 10034 | D:8      | Reached * piety under Vehumet
 10034 | D:8      | Offered knowledge of Shock by Vehumet.
 11149 | D:9      | Reached skill level 5 in Fighting
 11187 | D:10     | Entered Level 10 of the Dungeon
 11238 | D:9      | Reached skill level 5 in Armour
 11460 | D:9      | Noticed a skeletal warrior
 11829 | D:9      | Noticed a necromancer
 11831 | D:9      | Killed a necromancer
 11831 | D:9      | Offered knowledge of Magic Dart by Vehumet.
 11956 | D:9      | Reached skill level 10 in Earth Magic
 12191 | D:10     | Noticed Fannar
 12373 | D:10     | Identified a scroll of acquirement
 12373 | D:10     | Acquired the +9 staff of Wucad Mu {channel}
 12374 | D:10     | Found the +9 staff of Wucad Mu {channel}
 12525 | D:10     | Killed a skeletal warrior
 12526 | D:10     | Reached XP level 11. HP: 13/64 MP: 0/22
 12854 | D:9      | Reached skill level 1 in Evocations
 12871 | D:9      | Reached ** piety under Vehumet
 13770 | D:10     | Reached skill level 5 in Dodging
 14201 | D:10     | Found a large runed translucent door.
 14201 | D:10     | Found a large runed translucent door.
 14205 | D:10     | Noticed waddelsworth's ghost (journeyman TrMo)
 14334 | D:10     | Offered knowledge of Frozen Ramparts by Vehumet.
 14342 | D:10     | Learned a level 3 spell: Frozen Ramparts
 14356 | D:10     | Noticed a two-headed ogre
 14511 | D:10     | Killed a two-headed ogre
 14664 | D:10     | Found a staircase to the Orcish Mines.
 14836 | D:11     | Noticed a two-headed ogre
 14842 | D:11     | Killed a two-headed ogre
 14924 | D:11     | Noticed an oklob plant
 14927 | D:11     | Found a staircase to the Lair.
 15020 | D:11     | Reached *** piety under Vehumet
 15077 | D:11     | Found an ancient bone altar of Kikubaaqudgha.
 15630 | D:11     | Noticed an oklob plant
 15817 | D:11     | Reached skill level 11 in Earth Magic
 15911 | D:11     | Offered knowledge of Airstrike by Vehumet.
 16480 | D:11     | Killed an oklob plant
 16481 | D:11     | Reached XP level 12. HP: 72/72 MP: 3/24
 16711 | Lair:1   | Entered Level 1 of the Lair of Beasts
 16721 | Lair:1   | Reached **** piety under Vehumet
 19480 | Lair:2   | Offered knowledge of Hailstorm by Vehumet.
 19944 | Lair:2   | Found a staircase to the Snake Pit.
 19955 | Lair:2   | Reached skill level 5 in Evocations
 20502 | Lair:3   | Found a hazy altar of Hepliaklqana.
 20577 | Lair:3   | Slain by a polar bear

Illustrated notes

Levels and vault maps discovered:
D:1:      dpeg_arrival_short_road, layout_basic
D:2:      layout_loops_ring, yredelemnul_altar_generic,
          nemelex_xobeh_ov_fountains_minmay, minmay_stone_trees_small
D:3:      layout_basic, grunt_temple_overflow_gold_and_silver,
          kennysheep_slug_shrine
D:4:      layout_basic, grunt_qazlal_clouds, portal_sewer_entry_e,
          fedhas_ov_isle_minmay
D:5:      wander_guarded_unrand_ratskin, layout_cave_pools, serial_shops, shop,
          gammafunk_ghost_abyssal_escape, elyvilon_altar_4,
          uniq_crazy_yiuf_cottage
D:6:      layout_loops_cross, general_overflow_altar, minmay_temple_entry_glass,
          lemuel_statue_altar
D:7:      layout_basic, eat_drink_and_be_merry_uskayaw, vehumet_statue,
          grunt_decor_one_mirror, minmay_misc_feat_rugged
D:8:      layout_basic, nicolae_overflow_hidden_temple
D:9:      hangedman_screamer, layout_irregular_city, serial_column_ruins,
          column_ruins_courtyard_long, column_ruins_open_tiny,
          column_ruins_grid_1, column_ruins_open_tiny,
          column_ruins_columns_straight, column_ruins_open_tiny,
          column_ruins_grid_3, hangedman_decor_diamond_cutter
D:10:     layout_roguey, hiddenorc1_lemuel, ebering_ghost_disaster_area,
          uniq_fannar
D:11:     layout_long_grid, dpeg_oklobed_lair, special_room
          [special_room_kobold], lemuel_mausoleum_altar_kikubaaqudgha
Temple:   minmay_temple_curvy_loop
Lair:1:   layout_loops_ring, gauntlet_entry_generic, minmay_lair_oklob_items,
          grunt_megastairs_1
Lair:2:   layout_cave_pods, minmay_snake_entry_guardpost_small,
          chequers_serial_rivers_room_b, infiniplex_staircase_pool
Lair:3:   beast_lair_carwin_large_3, layout_regular_city, basic_altar,
          serial_bayou_pond_d

Skill      XL: |  1  2  3  4  5  6  7  8  9 10 11 12 |
---------------+-------------------------------------+-----
Earth Magic    | 4 5 6 7 8 9 10 11 | 11.9
Spellcasting   | 3 4 5 6 7 8 9 |  9.1
Conjurations   | 1 2 3 4 5 7 8 |  8.0
Fighting       | 2 4 5 7 8 |  8.6
Armour         | 2 4 5 6 |  6.0
Dodging        | 2 3 4 5 6 |  6.7
Evocations     | 3 5 |  5.1
Stealth        | |  2.1
Transmutations | |  0.7

Action                   |  1- 3 |  4- 6 |  7- 9 | 10-12 || total
-------------------------+-------+-------+-------+-------++-------
Melee: Unarmed           |    59 |       |       |       ||    59
       Spear             |    77 |    53 |       |       ||   130
       Dagger            |       |    78 |   372 |    79 ||   529
       Staff             |       |       |       |   289 ||   289
 Cast: Sandblast         |    31 |    34 |    49 |    46 ||   160
       Stone Arrow       |       |       |    81 |   206 ||   287
       Lee's Rapid Decon |       |       |     5 |    91 ||    96
       Frozen Ramparts   |       |       |       |     2 ||     2
  Use: Scroll            |       |     8 |       |     7 ||    15
 Stab: Sleeping          |     5 |    10 |     4 |     1 ||    20
       Distracted        |     1 |       |     1 |       ||     2
Armor: Robe              |    65 |    54 |   127 |   192 ||   438
       Leather armour    |       |       |       |    21 ||    21
       Troll leather arm |       |       |       |    26 ||    26
Dodge: Dodged            |   114 |    58 |   314 |   359 ||   845

Table legend: (Time is in decaauts)
 A = Elapsed time spent in this place.
 B = Non-inter-level travel time spent in this place.
 C = Inter-level travel time spent in this place.
 D = Time resting spent in this place.
 E = Time spent auto-exploring this place.
 F = Levels seen in this place.
 G = Mean time per level.
                   A        B        C        D        E       F      G
               +--------+--------+--------+--------+--------+-----+--------+
         Total |  20682 |  19865 |    817 |   1127 |  15230 |  15 | 1378.8 |
       Dungeon |  16519 |  15788 |    731 |    834 |  11836 |  11 | 1501.7 |
        Temple |    282 |    260 |     22 |      0 |    258 |   1 |  282.0 |
          Lair |   3881 |   3817 |     64 |    293 |   3135 |   3 | 1293.7 |
               +--------+--------+--------+--------+--------+-----+--------+

Top non-repeatable levels by time:
     D:9: 2725 daAuts
    D:11: 1913 daAuts
  Lair:2: 1840 daAuts
  Lair:1: 1810 daAuts
     D:8: 1741 daAuts
    D:10: 1559 daAuts
     D:5: 1408 daAuts
     D:7: 1383 daAuts
     D:1: 1380 daAuts
     D:6: 1333 daAuts
     D:4: 1103 daAuts
     D:3: 1093 daAuts
     D:2: 877 daAuts
  Temple: 282 daAuts
  Lair:3: 230 daAuts
